 Dungeon Crawl Stone Soup version 0.22-a0-322-g60b3cfd (webtiles) character file.

58989 erloom the Grappler (level 14, -2/133 HPs)
             Began as a Naga Transmuter on Apr 3, 2018.
             Was the Champion of Cheibriados.
             Slain by a 13-headed hydra (12 damage)
             ... on level 6 of the Lair of Beasts on Apr 4, 2018.
             The game lasted 01:39:51 (22042 turns).

erloom the Grappler (Naga Transmuter)              Turns: 22042, Time: 01:39:52

Health: -2/133     AC: 13    Str: 31    XL:     14   Next: 93%
Magic:  20/30      EV: 20    Int: 32    God:    Cheibriados [******]
Gold:   813        SH:  0    Dex: 30    Spells: 10/37 levels left

rFire    . . .     SeeInvis +     - Unarmed
rCold    + . .     Gourm    +   (shield currently unavailable)
rNeg     . . .     Faith    .   D - +3 leather armour of Dishonesty {rPois rC+ Str+2 Dex-2}
rPois    +         Spirit   .   n - +2 helmet
rElec    .         Reflect  .   B - +0 cloak
rCorr    .         Harm     .   (gloves currently unavailable)
MR       +....                  (no barding)
Stlth    ++++......             g - amulet of the gourmand
HPRegen  0.32/turn              z - ring "Yhexeeti" {EV+5 Dex+5}
MPRegen  0.22/turn              I - +5 ring of evasion

@: blade hands, singing, very slow
A: large, see invisible, deformed body, poison resistance, slowness 2, slow
metabolism 1, spit poison 1, constrict 1, AC +4
a: Spit Poison, End Transformation, Bend Time, Temporal Distortion, Slouch, Step
From Time, Renounce Religion


You were on level 6 of the Lair of Beasts.
You worshipped Cheibriados.
Cheibriados was exalted by your worship.
You were completely stuffed.
You had blades for hands.
You visited 3 branches of the dungeon, and saw 20 of its levels.

You collected 2341 gold pieces.
You spent 1528 gold pieces at shops.

Inventory:

Hand Weapons
 b - a +0 shortbow
 o - a +0 falchion of holy wrath
 r - a +0 shortbow of flaming
 C - the +1 hand crossbow of Recklessness {flame, Int+4}
   (You bought it in a shop on level 2 of the Orcish Mines)

   It causes projectiles fired from it to burn those they strike, causing extra
   injury to most foes and up to half again as much damage against particularly
   susceptible opponents.
   It affects your intelligence (+4).
Missiles
 a - 288 arrows
Armour
 j - a +0 shield
 n - a +2 helmet (worn)
 w - a +1 scale mail of cold resistance
 B - a +0 cloak (worn)
 D - the +3 leather armour of Dishonesty (worn) {rPois rC+ Str+2 Dex-2}
   (You bought it in a shop on level 5 of the Dungeon)

   It affects your strength (+2).
   It affects your dexterity (-2).
   It protects you from cold.
   It protects you from poison.
 F - a +0 pair of gloves (melded)
Jewellery
 g - an amulet of the gourmand (around neck)
 z - the ring "Yhexeeti" (left scythe-like blade) {EV+5 Dex+5}
   (You bought it in a shop on level 5 of the Dungeon)

   [ring of evasion]

   It affects your evasion (+5).
   It affects your dexterity (+5).
 I - a +5 ring of evasion (right scythe-like blade)
 K - a +4 ring of intelligence
 N - an uncursed ring of flight
 O - an uncursed ring of magical power
 Q - an uncursed amulet of harm
Wands
 t - a wand of polymorph (26)
 H - a wand of enslavement (12)
 M - a wand of digging (11)
Scrolls
 h - 6 scrolls of fear
 k - 3 scrolls of amnesia
 p - 8 scrolls of enchant weapon
 v - a scroll of fog
 y - 5 scrolls of remove curse
 A - a scroll of teleportation
 J - a scroll of brand weapon {unknown}
 R - 2 scrolls of identify
Potions
 e - 5 potions of lignification
 f - 2 potions of might
 i - a potion of cancellation
 l - 2 potions of mutation
 m - 3 potions of curing
 q - 3 potions of resistance
 s - a potion of flight
 x - 2 potions of heal wounds
 E - a potion of agility
 G - a potion of brilliance
 L - 3 potions of ambrosia
 P - a potion of magic
Comestibles
 c - 5 chunks of flesh
 d - 26 rations


   Skills:
 + Level 10.6 Fighting
 - Level 1.5 Dodging
 - Level 5.1 Stealth
 + Level 13.0 Unarmed Combat
 + Level 12.1 Spellcasting
 - Level 3.0 Conjurations
 - Level 5.0 Charms
 - Level 3.2 Translocations
 - Level 7.2 Transmutations
 - Level 3.0 Fire Magic
 - Level 4.0 Ice Magic
 - Level 4.1 Poison Magic
 - Level 10.0 Invocations


You had 10 spell levels left.
You knew the following spells:

 Your Spells              Type           Power        Failure   Level  Hunger
a - Beastly Appendage     Tmut           ######       8%          1    None
b - Spider Form           Tmut/Pois      ######....   14%         3    None
c - Sticks to Snakes      Tmut           ######..     9%          2    None
d - Blade Hands           Tmut           ######....   28%         5    #......
e - Infusion              Chrm           ####         11%         1    None
f - Ice Form              Ice/Tmut       ######..     24%         4    None
g - Regeneration          Chrm/Necr      #####.....   26%         3    None
h - Song of Slaying       Chrm           ######..     12%         2    None
i - Summon Butterflies    Summ           ###.....     24%         1    None
j - Conjure Flame         Conj/Fire      #####...     22%         3    None
k - Blink                 Tloc           N/A          16%         2    None


Dungeon Overview and Level Annotations

Branches:
Dungeon (12/15)            Temple (0/1) D:5            Lair (6/6) D:9
 Shoals (0/4) Lair:2          Orc (2/2) D:11            Elf (0/3) Orc:2
  Snake: Lair:2-4    Spider: Lair:2-4     Slime: Lair:5-6

Altars:
Cheibriados
Dithmenos
Fedhas
Gozag
Makhleb
Ru
Uskayaw
Vehumet
Wu Jian
The Shining One

Shops:
D:5 !=**   Orc:2 [%((

Annotations:
Lair:3 exclusion: oklob plant
Lair:6 1 runed door
Orc:1 2 runed doors, exclusion: orange crystal statue


Innate Abilities, Weirdness & Mutations

You cannot wear boots.
Your serpentine skin is tough. (AC +4)
You have supernaturally acute eyesight. (SInv)
Armour fits poorly on your strangely shaped body.
Your system is resistant to poisons. (rPois)
You cover ground very slowly.
You have a slow metabolism.
You can spit poison.
You can use your snake-like lower body to constrict enemies.


Message History

The 12-headed hydra completely misses you.
The 12-headed hydra misses you. x2; The 12-headed hydra bites you!
The 12-headed hydra bites you. x3; The 12-headed hydra barely misses you.
The 12-headed hydra bites you! x2
* * * LOW HITPOINT WARNING * * *
The 12-headed hydra barely misses you. x2
You hack one of the 12-headed hydra's heads off!
The 11-headed hydra grows two more!
You slice the 13-headed hydra!!
The 13-headed hydra is severely wounded.
The 13-headed hydra bites you!
* * * LOW HITPOINT WARNING * * *
The 13-headed hydra bites you.
* * * LOW HITPOINT WARNING * * *
The 13-headed hydra completely misses you.
The 13-headed hydra barely misses you. The 13-headed hydra misses you.
The 13-headed hydra bites you!
* * * LOW HITPOINT WARNING * * *
The 13-headed hydra misses you. The 13-headed hydra barely misses you.
The 13-headed hydra bites you!
You die...

.... #................
......##+#####.P........#..
#..............#######....##.#P.
#..(..........#..### #.....###..
#............#.#...###...##.....
#.......)....#....##...........
#.................##...........
#............†..#.###...##.....
#..........<.#@##.###....##....
##............D##.#.......##....
#........................P.....#
#...÷....................P......
#.....Y.........................
##.....Y................†........
#......Y..÷......................
#......?.................#..+.###
................##.P##...#.#.P# #


You could see a 13-headed hydra.

Vanquished Creatures
  The ghost of Galewind the Thaumaturge, a journeyman DECj of Vehumet (Lair:5)
  7 hydras
  6 death yaks
  18 two-headed ogres
  3 ogre magi (Orc:2)
  An orc sorcerer (Orc:2)
  A manticore (D:12)
  5 elephants
  Maurice (D:9)
  Joseph (Lair:1)
  5 black mambas
  A torpor snail (Lair:5)
  11 spiny frogs
  10 komodo dragons
  2 rime drakes
  A polar bear (Lair:6)
  11 blink frogs
  Grinder (D:3)
  3 trolls
  A hornet (D:10)
  12 hippogriffs
  38 yaks
  A human (D:10)
  2 hungry ghosts (D:11)
  4 hogs (D:10)
  A wyvern (Lair:2)
  3 vampire mosquitoes (D:10)
  3 basilisks
  6 wargs
  An acid dragon (D:12)
  9 porcupines
  12 water moccasins
  8 orc warriors
  A sky beast (D:5)
  5 ice beasts
  9 wolves (Lair:3)
  A phantom (D:5)
  A necrophage (D:8)
  29 ogres
  7 centaurs
  A big kobold (D:11)
  7 crocodiles
  19 bullfrogs
  A wyvern zombie (D:10)
  A wyvern skeleton (D:11)
  3 scorpions
  7 killer bees
  3 howler monkeys
  5 crimson imps
  4 hounds
  3 jellies
  A quasit (D:10)
  13 orc priests
  11 orc wizards
  A bullfrog skeleton (D:9)
  2 iguanas
  5 worker ants
  Natasha (twice) (D:2)
  A killer bee zombie (D:7)
  8 ogre zombies (D:11)
  A hound skeleton (D:4)
  2 worker ant zombies (D:7)
  Robin (D:2)
  8 gnolls (D:3)
  14 adders
  2 shadow imps
  2 oozes
  3 adder zombies
  An adder skeleton (D:7)
  2 worms (D:2)
  4 dart slugs
  8 leopard geckos
  62 orcs
  5 giant cockroaches
  24 goblins
  12 hobgoblins
  13 jackals
  4 quokkas
  2 ball pythons (D:2)
  13 bats
  7 frilled lizards
  2 goblin skeletons (D:11)
  3 goblin zombies (D:11)
  A hobgoblin skeleton (D:11)
  4 hobgoblin zombies (D:11)
  14 kobolds
  A leopard gecko zombie (D:7)
  2 orc skeletons (D:11)
  13 orc zombies
  A quokka skeleton (D:5)
  6 rats
  A fungus (D:11)
579 creatures vanquished.

Vanquished Creatures (others)
  An orc wizard (D:8)
  A bush (Lair:6)
  18 fungi
  12 plants
32 creatures vanquished.

Grand Total: 611 creatures vanquished

Notes
Turn   | Place    | Note
-------+----------+-------------------------------------------
     0 | D:1      | erloom the Naga Transmuter began the quest for the Orb.
     0 | D:1      | Reached XP level 1. HP: 18/18 MP: 3/3
   346 | D:1      | Reached XP level 2. HP: 18/25 MP: 3/5
   485 | D:1      | Reached XP level 3. HP: 8/31 MP: 6/6
  1618 | D:2      | Found a snail-covered altar of Cheibriados.
  1732 | D:2      | Became a worshipper of Cheibriados the Contemplative
  1829 | D:2      | Learned a level 3 spell: Spider Form
  1843 | D:2      | Reached XP level 4. HP: 36/38 MP: 5/7
  1959 | D:2      | Reached skill level 1 in Poison Magic
  2214 | D:2      | Noticed Robin
  2224 | D:2      | Reached * piety under Cheibriados
  2263 | D:2      | Killed Robin
  2739 | D:2      | Noticed Natasha
  2765 | D:2      | Killed Natasha
  2765 | D:2      | Reached XP level 5. HP: 30/44 MP: 4/8
  2869 | D:2      | Noticed Natasha
  2874 | D:2      | Killed Natasha
  3165 | D:3      | Noticed Grinder
  3173 | D:3      | Reached ** piety under Cheibriados
  3184 | D:3      | Paralysed by Grinder for 5 turns
  3198 | D:3      | Killed Grinder
  3198 | D:3      | Reached skill level 5 in Transmutations
  3198 | D:3      | Reached XP level 6. HP: 10/51 MP: 6/9
  3557 | D:3      | Reached XP level 7. HP: 57/57 MP: 6/10
  3560 | D:3      | Reached skill level 1 in Invocations
  3999 | D:3      | Reached skill level 4 in Unarmed Combat
  4039 | D:3      | Reached *** piety under Cheibriados
  4346 | D:4      | Reached skill level 5 in Unarmed Combat
  4387 | D:4      | Found an ornate altar of the Wu Jian Council.
  4828 | D:4      | Found a hide-covered altar of Uskayaw.
  5145 | D:5      | Entered Level 5 of the Dungeon
  5145 | D:5      | Found Enout's Distillery.
  5151 | D:5      | Bought a potion of degeneration for 14 gold pieces
  5196 | D:5      | Reached XP level 8. HP: 16/64 MP: 7/11
  5503 | D:5      | Found a sacrificial altar of Ru.
  5598 | D:5      | Reached **** piety under Cheibriados
  5631 | D:5      | Found a staircase to the Ecumenical Temple.
  5682 | D:5      | Found Nogug's General Store.
  5690 | D:5      | Bought a potion of heal wounds for 60 gold pieces
  5735 | D:5      | Reached skill level 6 in Unarmed Combat
  5742 | D:5      | Found Diott's Assorted Antiques.
  5759 | D:5      | Found Ymutot's Jewellery Emporium.
  5840 | D:5      | Found Zebaodoc's Antique Weapon Emporium.
  6389 | D:5      | Found a burning altar of Makhleb.
  6564 | D:6      | Learned a level 2 spell: Sticks to Snakes
  6570 | D:6      | Learned a level 5 spell: Blade Hands
  6583 | D:6      | Found an opulent altar of Gozag.
  6723 | D:6      | Reached skill level 7 in Unarmed Combat
  6795 | D:5      | Bought a fine leather armour for 147 gold pieces
  6806 | D:5      | Identified the +3 leather armour of Dishonesty {rPois rC+ Str+2 Dex-2} (You bought it in a shop on level 5 of the Dungeon)
  7085 | D:6      | Found a snail-covered altar of Cheibriados.
  7353 | D:6      | Reached XP level 9. HP: 40/70 MP: 9/13
  7657 | D:7      | Reached ***** piety under Cheibriados
  7941 | D:7      | Found a radiant altar of Vehumet.
  8363 | D:8      | Found a glowing golden altar of the Shining One.
  8382 | D:8      | Reached skill level 5 in Spellcasting
  8392 | D:8      | Reached skill level 8 in Unarmed Combat
  8917 | D:9      | Found a staircase to the Lair.
  9181 | D:9      | Reached XP level 10. HP: 77/78 MP: 13/20
  9187 | D:9      | Reached skill level 9 in Unarmed Combat
  9220 | D:9      | Noticed Maurice
  9225 | D:9      | Killed Maurice
  9272 | D:9      | Found a shadowy altar of Dithmenos.
  9846 | D:9      | Noticed a two-headed ogre
  9852 | D:9      | Killed a two-headed ogre
 10010 | Lair:1   | Entered Level 1 of the Lair of Beasts
 10286 | Lair:1   | Learned a level 1 spell: Infusion
 10291 | Lair:1   | Learned a level 4 spell: Ice Form
 10600 | Lair:1   | Noticed a four-headed hydra
 10622 | Lair:1   | Killed a six-headed hydra
 10622 | Lair:1   | Reached skill level 10 in Unarmed Combat
 10622 | Lair:1   | Reached XP level 11. HP: 8/84 MP: 16/24
 10763 | Lair:1   | Noticed a six-headed hydra
 11006 | D:10     | Entered Level 10 of the Dungeon
 11013 | D:10     | Noticed a two-headed ogre
 11197 | D:10     | Killed a two-headed ogre
 11285 | D:10     | Reached ****** piety under Cheibriados
 11794 | D:10     | Reached skill level 5 in Fighting
 12040 | D:11     | Noticed a two-headed ogre
 12045 | D:11     | Killed a two-headed ogre
 12045 | D:11     | Reached skill level 1 in Ice Magic
 12177 | D:11     | Found a staircase to the Orcish Mines.
 12967 | Orc:1    | Entered Level 1 of the Orcish Mines
 13050 | Orc:2    | Entered Level 2 of the Orcish Mines
 13396 | Orc:2    | Found a staircase to the Elven Halls.
 13553 | D:5      | Bought the ring "Yhexeeti" {EV+5 Dex+5} for 797 gold pieces
 13706 | Orc:2    | Noticed a two-headed ogre
 13821 | Orc:1    | Found a runed door.
 13834 | Orc:1    | Noticed an orange crystal statue
 13836 | Orc:1    | Found the +10 large shield of Ignorance {rN+ Int-4}
 14078 | Orc:1    | Learned a level 3 spell: Regeneration
 14078 | Orc:1    | Found a runed door.
 14355 | Orc:2    | Reached skill level 1 in Charms
 14583 | Orc:2    | Noticed a two-headed ogre
 14583 | Orc:2    | Noticed a two-headed ogre
 14583 | Orc:2    | Noticed a two-headed ogre
 14584 | Orc:2    | Noticed a two-headed ogre
 14587 | Orc:2    | Noticed a two-headed ogre
 14591 | Orc:2    | Killed a two-headed ogre
 14591 | Orc:2    | Reached XP level 12. HP: 80/109 MP: 20/25
 14594 | Orc:2    | Killed a two-headed ogre
 14596 | Orc:2    | Reached skill level 11 in Unarmed Combat
 14606 | Orc:2    | Noticed a two-headed ogre
 14620 | Orc:2    | Noticed a two-headed ogre
 14632 | Orc:1    | Killed a two-headed ogre
 14894 | Orc:2    | Killed a two-headed ogre
 14897 | Orc:2    | Killed a two-headed ogre
 14965 | Orc:2    | Noticed an ogre mage
 14972 | Orc:2    | Noticed a two-headed ogre
 14982 | Orc:1    | Killed a two-headed ogre
 14993 | Orc:2    | Noticed a two-headed ogre
 15000 | Orc:2    | Killed a two-headed ogre
 15221 | Orc:2    | Killed an ogre mage
 15224 | Orc:2    | Noticed a two-headed ogre
 15227 | Orc:2    | Killed a two-headed ogre
 15227 | Orc:2    | Reached skill level 5 in Charms
 15230 | Orc:2    | Noticed a two-headed ogre
 15230 | Orc:2    | Noticed an ogre mage
 15236 | Orc:2    | Killed a two-headed ogre
 15237 | Orc:2    | Noticed an ogre mage
 15639 | Orc:2    | Killed a two-headed ogre
 15651 | Orc:2    | Killed an ogre mage
 15651 | Orc:2    | Reached skill level 5 in Invocations
 15705 | Orc:2    | Found Lupeq's Food Boutique.
 15705 | Orc:2    | Found Wagomi's Armour Shoppe.
 15707 | Orc:2    | Found Debis's Weapon Emporium.
 15707 | Orc:2    | Found Efonui's Antique Weapon Boutique.
 15718 | Orc:2    | Noticed an ogre mage
 15718 | Orc:2    | Killed a two-headed ogre
 15723 | Orc:2    | Killed an ogre mage
 15723 | Orc:2    | Gained mutation: You can use your snake-like lower body to constrict enemies. [Naga growth]
 15723 | Orc:2    | Reached XP level 13. HP: 102/118 MP: 22/26
 15792 | Orc:2    | Bought a smoking hand crossbow for 255 gold pieces
 15792 | Orc:2    | Bought a polished war axe for 255 gold pieces
 15809 | Orc:1    | Identified the +1 hand crossbow of Recklessness {flame, Int+4} (You bought it in a shop on level 2 of the Orcish Mines)
 15811 | Orc:1    | Identified the +5 war axe of Blood-Lust {speed, Str+3} (You bought it in a shop on level 2 of the Orcish Mines)
 16562 | D:12     | Learned a level 2 spell: Song of Slaying
 16564 | D:12     | Learned a level 1 spell: Summon Butterflies
 16568 | D:12     | Learned a level 3 spell: Conjure Flame
 16702 | D:12     | Reached skill level 10 in Spellcasting
 16764 | D:12     | Reached skill level 1 in Conjurations
 16764 | D:12     | Reached skill level 1 in Fire Magic
 16846 | D:12     | Learned a level 2 spell: Blink
 17083 | D:12     | Reached skill level 1 in Translocations
 17609 | Lair:1   | Noticed Joseph
 17619 | Lair:1   | Killed Joseph
 17878 | Lair:2   | Found a staircase to the Shoals.
 18474 | Lair:3   | Reached skill level 10 in Invocations
 18997 | Lair:3   | Reached skill level 1 in Stealth
 19201 | Lair:3   | Reached XP level 14. HP: 77/127 MP: 20/29
 19683 | Lair:4   | Reached skill level 5 in Stealth
 20011 | Lair:5   | Noticed Galewind's ghost (journeyman DECj)
 20018 | Lair:5   | Killed Galewind's ghost
 20018 | Lair:5   | Reached skill level 12 in Unarmed Combat
 20085 | Lair:5   | Found a blossoming altar of Fedhas.
 20824 | Lair:6   | Entered Level 6 of the Lair of Beasts
 20993 | Lair:6   | Found a runed door.
 21054 | Lair:6   | HP: 6/130 [death yak (24)]
 21427 | Lair:6   | Reached skill level 10 in Fighting
 22018 | Lair:6   | Reached skill level 13 in Unarmed Combat
 22042 | Lair:6   | Slain by a 13-headed hydra

Vault maps used:
D:1:      minmay_arrival_shoal_huts, minmay_misc_feat_plants
D:2:      kennysheep_the_goblin_king, first_ration, lemuel_altar_in_water2,
          uniq_natasha, uniq_robin
D:3:      uniq_grinder
D:4:      eat_drink_and_be_merry_uskayaw, lemuel_doored_altar
D:5:      lemuel_crystal_altar, lemuel_temple_firewalk_b, basic_altar,
          serial_shops, shop_fountains,
          nicolae_shop_competitors_out_of_business, kennysheep_little_box,
          nicolae_shop_crystal, nicolae_shop_competitors_out_of_business
D:6:      kennysheep_slug_shrine, lemuel_crystal_altar
D:7:      vehumet_altar_wand_db
D:8:      tso_metal_star
D:9:      nicolae_dithmenos_the_darkroom, erik_lair_orcish_takeover,
          minmay_statues_item, uniq_maurice
D:10:     grunt_livestock
D:11:     zombieorc2_lemuel, minmay_gold_behind_fungi
Lair:1:   small_statue_intersection, minivault_11, uniq_joseph
Lair:2:   minmay_shoals_entry_centaurs, cheibrodos_lair_caveside_slide
Lair:3:   lab_entry_generic, minmay_lair_oklob_chamber, grunt_megastairs_5
Lair:4:   dummy_snake_entry, lemuel_fruit_tree, grunt_megastairs_2,
          lemuel_fruit_fields
Lair:5:   basic_altar, infiniplex_staircase_pool
Lair:6:   evilmike_catoblepas_cave, slime_altar_2
Orc:1:    chequers_guarded_unrand_ignorance
Orc:2:    st_orc_ogre_mass, nicolae_orc_flooded_monolith

Skill      XL: |  1  2  3  4  5  6  7  8  9 10 11 12 13 14 |
---------------+-------------------------------------------+-----
Transmutations | 3 5 6 7 |  7.2
Poison Magic   | 3 4 |  4.1
Invocations    | 2 4 7 10 | 10.0
Unarmed Combat | 5 7 8 10 11 13 | 13.0
Spellcasting   | 6 9 11 12 | 12.1
Fighting       | 7 8 10 | 10.6
Ice Magic      | 4 |  4.0
Charms         | 2 5 |  5.0
Conjurations   | 3 |  3.0
Fire Magic     | 3 |  3.0
Translocations | 3 |  3.2
Stealth        | 4 5 |  5.1
Dodging        | |  1.5

Action                   |  1- 3 |  4- 6 |  7- 9 | 10-12 | 13-15 || total
-------------------------+-------+-------+-------+-------+-------++-------
Melee: Unarmed           |   117 |   112 |   398 |   327 |   372 ||  1326
       Headbutt          |     4 |    11 |       |       |       ||    15
       Punch             |     1 |     2 |     8 |    19 |    46 ||    76
       Constrict         |       |       |       |       |    87 ||    87
 Fire: Shortbow          |       |       |       |       |     4 ||     4
 Cast: Beastly Appendage |    12 |     7 |       |       |       ||    19
       Spider Form       |       |     7 |    22 |       |       ||    29
       Blade Hands       |       |       |     3 |    36 |    54 ||    93
       Infusion          |       |       |       |     2 |     2 ||     4
       Ice Form          |       |       |       |     3 |     3 ||     6
       Regeneration      |       |       |       |     1 |     8 ||     9
       Blink             |       |       |       |       |     4 ||     4
       Song of Slaying   |       |       |       |       |     6 ||     6
       Conjure Flame     |       |       |       |       |     1 ||     1
Invok: Bend Time         |       |       |       |     1 |       ||     1
       Slouch            |       |       |       |     1 |     5 ||     6
       Step From Time    |       |       |       |       |     1 ||     1
 Abil: Spit Poison       |    18 |    41 |    52 |     7 |    16 ||   134
Evoke: Wand              |       |       |       |    11 |    38 ||    49
  Use: Scroll            |       |       |    12 |     9 |    11 ||    32
       Potion            |       |       |       |       |     2 ||     2
 Stab: Sleeping          |     1 |       |       |     2 |     5 ||     8
       Distracted        |       |       |       |       |     1 ||     1
       Paralysed         |       |       |       |       |     1 ||     1
  Eat: Chunk             |    10 |    13 |    18 |    29 |    21 ||    91
Armor: Robe              |    52 |    11 |       |       |       ||    63
       Ring mail         |       |     4 |    73 |       |       ||    77
       Skin              |       |     2 |    11 |     3 |       ||    16
       Leather armour    |       |       |    39 |    84 |    96 ||   219
Dodge: Dodged            |    96 |    65 |   243 |   152 |   376 ||   932

Table legend:
 A = Spawn XP
 B = Non-spawn XP
 C = Spawn XP percentage of total XP
 D = Spawn monster count
 E = Non-spawn monster count
 F = Spawn count percentage of total count
 G = Total turns spent on level
                    A         B        C        D         E        F      G
               +---------+---------+-------+---------+---------+-------+---------
         Total |       0 |   84270 |   0.0 |       0 |     579 |   0.0 | 22042
               +---------+---------+-------+---------+---------+-------+---------
           D:1 |       0 |      62 |   0.0 |       0 |      35 |   0.0 |  1578
           D:2 |       0 |     170 |   0.0 |       0 |      41 |   0.0 |  1486
           D:3 |       0 |     556 |   0.0 |       0 |      37 |   0.0 |  1107
           D:4 |       0 |     398 |   0.0 |       0 |      25 |   0.0 |   987
           D:5 |       0 |     840 |   0.0 |       0 |      21 |   0.0 |  1522
           D:6 |       0 |     288 |   0.0 |       0 |       8 |   0.0 |   898
           D:7 |       0 |     914 |   0.0 |       0 |      37 |   0.0 |   878
           D:8 |       0 |     363 |   0.0 |       0 |       9 |   0.0 |   723
           D:9 |       0 |    3918 |   0.0 |       0 |      28 |   0.0 |  1447
          D:10 |       0 |    3461 |   0.0 |       0 |      28 |   0.0 |   883
          D:11 |       0 |    2713 |   0.0 |       0 |      54 |   0.0 |  1097
          D:12 |       0 |    3978 |   0.0 |       0 |      34 |   0.0 |   725
        Lair:1 |       0 |    3973 |   0.0 |       0 |      13 |   0.0 |  1553
        Lair:2 |       0 |    4926 |   0.0 |       0 |      20 |   0.0 |   725
        Lair:3 |       0 |    7112 |   0.0 |       0 |      30 |   0.0 |  1028
        Lair:4 |       0 |    2025 |   0.0 |       0 |       6 |   0.0 |   396
        Lair:5 |       0 |   14499 |   0.0 |       0 |      42 |   0.0 |  1480
        Lair:6 |       0 |   13168 |   0.0 |       0 |      43 |   0.0 |   556
         Orc:1 |       0 |    3413 |   0.0 |       0 |      22 |   0.0 |  1663
         Orc:2 |       0 |   17493 |   0.0 |       0 |      46 |   0.0 |  1310
               +---------+---------+-------+---------+---------+-------+---------
